 Dungeon Crawl Stone Soup version 0.23.0 (webtiles) character file.

Game seed: 13015553801603675730

172 Kondrat the Skirmisher (level 5, -4/45 (46) HPs)
             Began as a Formicid Fighter on Feb 9, 2019.
             Engulfed by a death drake (glowing shapeshifter)'s foul pestilence (10 damage)
             ... on level 4 of the Dungeon.
             The game lasted 00:03:39 (2163 turns).

Kondrat the Skirmisher (Formicid Fighter)           Turns: 2163, Time: 00:03:39

HP:   -4/45 (46)    AC:  8    Str: 19 (22) XL:     5   Next: 83%
MP:   5/5           EV:  8    Int: 11 (12) God:
Gold: 53            SH:  9    Dex:  7 (10) Spells: 4/4 levels left

rFire    . . .     SeeInvis +   k - +4 quarterstaff (chaos)
rCold    . . .     Gourm    .   c - +0 shield
rNeg     . . .     Faith    .   b - +0 scale mail
rPois    .         Spirit   .   (helmet unavailable)
rElec    .         Reflect  .   m - +0 cloak
rCorr    .         Harm     .   (no gloves)
MR       .....                  (no boots)
Stlth    ..........             (no amulet)
HPRegen  0.15/turn              j - ring of attention (curse)
MPRegen  0.09/turn              (no ring)

@: brilliant, lethally poisoned (-4 -> -90)
A: permanent stasis, dig shafts and tunnels, four strong arms, antennae 3
a: Dig, Shaft Self


You were on level 4 of the Dungeon.
You were not hungry.

You visited 1 branch of the dungeon, and saw 3 of its levels.

You collected 53 gold pieces.

Inventory:

Hand Weapons
 k - a +4 quarterstaff of chaos (weapon)
Armour
 b - a +0 scale mail (worn)
 c - a +0 shield (worn)
 m - a +0 cloak (worn)
Jewellery
 j - a cursed ring of attention (left hand)
Scrolls
 a - 2 scrolls of random uselessness {unknown}
 e - 2 scrolls of identify
 g - a scroll of enchant weapon {unknown}
 h - 6 scrolls of remove curse {unknown}
 i - 2 scrolls of immolation {unknown}
 l - 2 scrolls of enchant armour {unknown}
Potions
 d - a potion of might
 o - 3 potions of degeneration
Comestibles
 f - 10 rations
 p - 3 chunks of flesh


   Skills:
 - Level 6.0 Fighting
 - Level 2.0 Staves
 - Level 3.2 Armour
 + Level 4.8 Shields


You had 4 spell levels left.
You didn't know any spells.
Your spell library was empty.

Dungeon Overview and Level Annotations

Branches:
Dungeon (2/15)

Altars:
Xom


Innate Abilities, Weirdness & Mutations

You cannot be hasted, slowed, berserked, paralysed or teleported.
You can dig through walls and to a lower floor.
Your four strong arms can wield two-handed weapons with a shield.
You have a pair of large antennae on your head. (SInv)


Message History

The death drake breathes miasma at you. The foul vapour engulfs you!
You are lethally poisoned!
Your stasis prevents you from being slowed.
* * * LOW HITPOINT WARNING * * *
It was a potion of degeneration.
There was something very wrong with that liquid.
You feel weakened.
You feel dopey.
You feel clumsy.
You are engulfed in dark miasma.
You are more poisoned.
Your stasis prevents you from being slowed.
* * * LOW HITPOINT WARNING * * *
x2 You feel very sick.
The death drake bites you but does no damage.
It was a potion of brilliance.
You feel clever all of a sudden.
You are engulfed in dark miasma.
You are more poisoned.
You feel your flesh rotting away!
Your stasis prevents you from being slowed.
You die...

.. #. #.##.. #.... ##....
....# #. ####..## #
.#.##....°°# ####.##
.........°°###.......
#........°@k#.......
##.#.....°°°........
#..........o=.......
##.#.................
#..#...)....##.......
##........####.....###.
###.........##...##...#
##....<###......#####....
...........#..####........


You could see a death drake shaped shifter and an orc.

Vanquished Creatures
  Crazy Yiuf (D:2)
  Terence (D:2)
  A worker ant (D:4)
  A hound skeleton (D:4)
  3 adders
  2 leopard geckos
  An orc (D:4)
  6 giant cockroaches
  6 goblins
  8 hobgoblins
  3 jackals (D:2)
  5 kobolds
  A quokka (D:2)
  2 bats (D:1)
  7 frilled lizards
  3 rats
51 creatures vanquished.

Notes
Turn   | Place    | Note
-------+----------+-------------------------------------------
     0 | D:1      | Kondrat the Formicid Fighter began the quest for the Orb.
     0 | D:1      | Reached XP level 1. HP: 18/18 MP: 1/1
   116 | D:1      | Reached XP level 2. HP: 25/25 MP: 2/2
   122 | D:1      | You fall through a shaft!
   122 | D:2      | Found a shimmering altar of Xom.
   133 | D:2      | Reached skill level 4 in Fighting
   139 | D:2      | Reached XP level 3. HP: 29/31 MP: 3/3
   188 | D:2      | Noticed Terence
   227 | D:2      | Killed Terence
   227 | D:2      | Reached skill level 5 in Fighting
   480 | D:2      | Reached XP level 4. HP: 39/39 MP: 4/4
   891 | D:2      | Found a runed translucent door.
   892 | D:2      | Noticed Crazy Yiuf
  1213 | D:2      | Killed Crazy Yiuf
  1213 | D:2      | Reached XP level 5. HP: 16/46 MP: 5/5
  1857 | D:1      | Reached skill level 6 in Fighting
  2080 | D:1      | You fall through a shaft!
  2083 | D:2      | You fall through a shaft for 2 floors!
  2148 | D:4      | Noticed an ice beast
  2159 | D:4      | Noticed a glowing shapeshifter
  2159 | D:4      | an ice beast changed into a glowing shapeshifter
  2159 | D:4      | Noticed a death drake
  2159 | D:4      | a glowing shapeshifter changed into a death drake
  2163 | D:4      | Engulfed by a death drake (glowing shapeshifter)'s foul
                  | pestilence

Skill      XL: |  1  2  3  4  5 |
---------------+----------------+-----
Fighting       | 4 5 6 |  6.0
Shields        | 4 |  4.8
Staves         | |  2.0
Armour         | |  3.2

Action                   |  1- 3 |  4- 6 || total
-------------------------+-------+-------++-------
Melee: Quarterstaff      |    69 |   114 ||   183
 Abil: Dig               |     4 |       ||     4
       Shaft Self        |     1 |     2 ||     3
  Use: Potion            |       |     3 ||     3
       Scroll            |       |     1 ||     1
  Eat: Chunk             |       |     6 ||     6
Armor: Scale mail        |    21 |    47 ||    68
Dodge: Dodged            |    13 |    33 ||    46
Block: Shield            |    31 |    69 ||   100
